 Dungeon Crawl Stone Soup version 0.30-a0-930-gb9d0489357 (webtiles) character file.

Game seed: 8070108319995472486

1600 12sPaWn12 the Cudgeller (level 8, -7/50 HPs)
             Began as a Gargoyle Fighter on Mar 23, 2023.
             Was a Believer of Zin.
             Killed from afar by Maggie (18 damage)
             ... with a bolt of fire
             ... on level 6 of the Dungeon.
             The game lasted 00:15:30 (5863 turns).

12sPaWn12 the Cudgeller (Gargoyle Fighter)          Turns: 5863, Time: 00:15:31

Health: -7/50      AC: 13    Str: 21    XL:     8   Next: 94%
Magic:  0/10       EV: 10    Int: 10    God:    Zin [**....]
Gold:   278        SH:  4    Dex:  9    Spells: 7/7 levels left

rFire   . . .      SeeInvis .    a - +1 flail
rCold   . . .      Faith    .    c - +0 buckler
rNeg    + . .      Spirit   +    b - +0 scale mail
rPois   ∞          Reflect  .    (no helmet)
rElec   +          Rampage  .    o - scarf {shadows}
rCorr   .                        (no gloves)
Will    +....                    (no boots) Stlth
                                 h - amulet of guardian spirit
HPRegen 0.28/turn                (no ring)
MPRegen 0.12/turn                (no ring)

@: on recite cooldown, hasted, very quick
A: sickness immunity, AC +5, negative energy resistance 1, electricity
resistance, torment resistance 1, petrification resistance, strong-willed 1
a: Renounce Religion, Recite, Vitalisation, Donate Gold


You were on level 6 of the Dungeon.
You worshipped Zin.
Zin was pleased with you.
You visited 2 branches of the dungeon, and saw 7 of its levels.
You also visited: Sewer.

You collected 308 gold pieces.
You donated 30 gold pieces to Zin.

Inventory:

Hand Weapons
 a - a +1 flail (weapon)
Armour
 b - a +0 scale mail (worn)
 c - a +0 buckler (worn)
 o - a scarf of shadows (worn)
Jewellery
 h - an amulet of guardian spirit (around neck)
 i - a ring of wizardry
 l - a ring of protection from fire
 m - a +4 ring of protection
 n - a ring of ice
 y - an amulet of the acrobat
Wands
 v - a wand of flame (16)
Scrolls
 k - 3 scrolls of torment
 p - a scroll of vulnerability
 q - 3 scrolls of identify
 u - a scroll of blinking
 x - a scroll of noise {unknown}
Potions
 e - 2 potions of haste
 f - 2 potions of resistance
 g - 6 potions of curing
 j - a potion of brilliance
 r - a potion of magic
 t - a potion of cancellation
 w - 2 potions of degeneration
 z - a potion of invisibility


   Skills:
 * Level 5.4 Fighting
 * Level 7.0 Maces & Flails
 * Level 6.1 Armour
 * Level 2.8 Dodging
 * Level 5.0 Shields
 * Level 2.7 Invocations
 * Level 0.4 Evocations


You had 7 spell levels left.
You didn't know any spells.
Your spell library contained the following spells:

 Spells                   Type           Power      Damage    Failure   Level
 Wereblood                Tmut           0%         N/A       88%         2
 Portal Projectile        Hex/Tloc       0%         N/A       98%         3
 Tukima's Dance           Hex            0%         N/A       98%         3
 Blade Hands              Tmut           0%         N/A       100%        5
 Summon Hydra             Summ           0%         N/A       100%        7
 Sublimation of Blood     Necr           Unusable   N/A       N/A         2

Dungeon Overview and Level Annotations

Branches:
Dungeon (6/15)             Temple (1/1) D:5           Sewer (visited)

Altars:
Ashenzari
Cheibriados
Elyvilon
Gozag
Kikubaaqudgha
Makhleb
Okawaru
Ru
Uskayaw
Vehumet
Xom
Yredelemnul
Zin
The Shining One

Annotations:
D:6 Maggie


Innate Abilities, Weirdness & Mutations

You are immune to sickness and miasma.
Your stone body is resilient. (AC +5)
You are immune to poison.
You resist negative energy. (rN+)
You are resistant to electric shocks. (rElec)
You are resistant to unholy torment.
You are immune to petrification.
You are strong-willed. (Will+)


Message History

You hit Maggie but do no damage.
Maggie is heavily wounded.
Maggie hits you but does no damage.
You feel yourself speed up.
A sky beast comes into view.
Maggie hits you with a +0 scimitar of flaming.
Maggie burns you.
You hit Maggie.
Maggie is heavily wounded.
Maggie hits you with a +0 scimitar of flaming!
* * * LOW HITPOINT WARNING * * *
Maggie burns you.
* * * LOW HITPOINT WARNING * * *
You hit Maggie.
Maggie is heavily wounded.
You feel much better.
Maggie shouts, "Leave me alone!"
You block Maggie's attack.
You thump Maggie!
Maggie is severely wounded.
The sky beast flickers out of sight!
Maggie mumbles some strange words.
Maggie attempts to bespell you! You resist with some effort.
You hit Maggie.
Maggie is severely wounded.
You hit Maggie but do no damage.
Maggie is severely wounded.
Maggie hits you with a +0 scimitar of flaming.
Maggie burns you.
You barely miss Maggie.
Maggie is severely wounded.
Maggie points at you and mumbles some strange words.
The bolt of fire hits you!!
* * * LOW HITPOINT WARNING * * *
You hit Maggie.
Maggie is almost dead.
Something hits you but does no damage. Maggie casts a spell at you.
The bolt of fire hits you!!
You die...

#.#.†#..#........ ..........
.......##........ ..........
...##{###...>...... ..<......
.####.###.........## #........
...................# ##......
####...............# #.......
...'...............# #.#.....
####...............#######.#.....
..........|....@@................
.#...#.###........######...#.....
##..#..# ##......#.....#.###.....
##.##.## ########.......##......
#.....# #......##..#.... ..#####
#.........###... ..# #.......###
### ### #.....### # #.....#


You could see Maggie.

Vanquished Creatures
  Grinder (D:4)
  Eustachio (D:6)
  Menkaure (D:4)
  Duvessa (D:6)
  An ice beast (D:5)
  An ogre (D:5)
  A bullfrog (D:6)
  3 kobold brigands (Sewer)
  Blork the orc (D:4)
  A scorpion (D:5)
  Dowan (D:6)
  A hound (D:5)
  An iguana (D:4)
  5 orc wizards
  12 adders
  A river rat (Sewer)
  2 ufetubi
  5 worms
  3 dart slugs
  18 orcs
  11 endoplasms
  3 giant cockroaches
  5 goblins
  3 hobgoblins
  11 kobolds
  2 quokkas
  4 ball pythons
  3 bats
  2 frilled lizards
  8 rats
113 creatures vanquished.

Notes
Turn   | Place    | Note
-------+----------+-------------------------------------------
     0 | D:1      | 12sPaWn12 the Gargoyle Fighter began the quest for the Orb.
     0 | D:1      | Reached XP level 1. HP: 14/14 MP: 1/1
   490 | D:1      | Found a faded altar of an unknown god.
   639 | D:2      | Reached XP level 2. HP: 19/19 MP: 2/2
   768 | D:2      | Reached XP level 3. HP: 15/23 MP: 3/3
  1315 | D:3      | Noticed an angel
  1316 | D:3      | Found a glowing silver altar of Zin.
  1324 | D:3      | Became a worshipper of Zin the Law-Giver
  1419 | D:3      | Reached * piety under Zin
  1656 | D:3      | Found a glowing drain.
  1660 | Sewer    | Entered a sewer
  1721 | Sewer    | Reached XP level 4. HP: 16/29 MP: 4/4
  1767 | Sewer    | Noticed a kobold brigand
  1780 | Sewer    | Killed a kobold brigand
  1781 | Sewer    | Reached skill level 3 in Maces & Flails
  1781 | Sewer    | Reached skill level 1 in Dodging
  1781 | Sewer    | Reached XP level 5. HP: 30/33 MP: 5/5
  1791 | Sewer    | Noticed a kobold brigand
  1797 | Sewer    | Killed a kobold brigand
  1861 | Sewer    | Reached skill level 4 in Maces & Flails
  2009 | Sewer    | Noticed a kobold brigand
  2020 | Sewer    | Killed a kobold brigand
  2021 | Sewer    | Reached XP level 6. HP: 38/38 MP: 6/6
  2152 | Sewer    | Gained mutation: You are strong-willed. (Will+) [potion of
                  | mutation]
  2340 | D:3      | Found a sacrificial altar of Ru.
  2489 | D:3      | Found a basalt altar of Yredelemnul.
  2810 | D:4      | Noticed Menkaure
  2916 | D:4      | Noticed Blork the orc
  2992 | D:5      | Entered Level 5 of the Dungeon
  3112 | D:5      | Reached ** piety under Zin
  3343 | D:5      | You fall into a shaft and drop 1 floor!
  3361 | D:5      | Reached XP level 7. HP: 37/44 MP: 4/7
  3630 | D:5      | Reached skill level 5 in Maces & Flails
  3873 | D:5      | Reached skill level 1 in Invocations
  3964 | D:5      | Found a staircase to the Ecumenical Temple.
  4086 | D:5      | Reached skill level 5 in Armour
  4155 | Temple   | Entered the Ecumenical Temple
  4552 | D:4      | Reached *** piety under Zin
  4643 | D:4      | Killed Blork the orc
  4644 | D:4      | Reached XP level 8. HP: 18/48 MP: 3/9
  4973 | D:4      | Noticed Grinder
  4984 | D:4      | Killed Grinder
  4985 | D:4      | Reached skill level 5 in Fighting
  4985 | D:4      | Reached skill level 6 in Maces & Flails
  5176 | D:4      | Killed Menkaure
  5406 | D:6      | Found an iron altar of Okawaru.
  5428 | D:6      | Noticed Maggie
  5566 | D:6      | Noticed Dowan
  5580 | D:6      | Noticed Duvessa
  5595 | D:6      | Killed Duvessa
  5600 | D:6      | Killed Dowan
  5601 | D:6      | Reached skill level 5 in Shields
  5705 | D:6      | Noticed Eustachio
  5761 | D:6      | Killed Eustachio
  5762 | D:6      | Reached skill level 7 in Maces & Flails
  5863 | D:6      | Killed from afar by Maggie

Illustrated notes

Levels and vault maps discovered:
D:1:      dpeg_arrival_pits, layout_loops_ring, basic_ecumenical_altar
D:2:      layout_loops_ring, hangedman_decor_points
D:3:      layout_loops_ring, zin_angel, mainiacjoe_overflow_catwalk,
          mainiacjoe_overflow_tiny_flanked, gup_sewer_entry_spiral
D:4:      layout_loops_corners, nicolae_half_adder, uniq_blork_the_orc,
          uniq_grinder, uniq_menkaure
D:5:      layout_basic, minmay_temple_entry_enclosed_plants,
          grunt_ministairs_10, kennysheep_generic_room_11
D:6:      layout_rooms, mainiacjoe_overflow_surrounded_room,
          mainiacjoe_overflow_24_doors, uniq_eustachio, uniq_duvessa,
          uniq_maggie
Temple:   eino_temple_lava

Skill      XL: |  1  2  3  4  5  6  7  8 |
---------------+-------------------------+-----
Maces & Flails | 3 4 5 7 |  7.0
Armour         | 4 5 6 |  6.1
Dodging        | 1 2 |  2.8
Fighting       | 4 5 |  5.4
Shields        | 4 5 |  5.0
Invocations    | 1 2 |  2.7
Evocations     | |  0.4

Action                     |  1- 3 |  4- 6 |  7- 9 || total
---------------------------+-------+-------+-------++-------
  Melee: Flail             |   126 |   127 |   311 ||   564
 Invoke: Recite            |       |     2 |     5 ||     7
    Use: Scroll            |     3 |     4 |     5 ||    12
         Potion            |       |     9 |     3 ||    12
 Armour: Scale mail        |    55 |    59 |   163 ||   277
  Dodge: Dodged            |    50 |    43 |   148 ||   241
  Block: Buckler           |    28 |    26 |    62 ||   116

Table legend: (Time is in decaauts)
 A = Elapsed time spent in this place.
 B = Non-inter-level travel time spent in this place.
 C = Inter-level travel time spent in this place.
 D = Time resting spent in this place.
 E = Time spent auto-exploring this place.
 F = Levels seen in this place.
 G = Mean time per level.
                   A        B        C        D        E       F      G
               +--------+--------+--------+--------+--------+-----+--------+
         Total |   6120 |   5451 |    669 |      0 |   4021 |   8 |  765.0 |
       Dungeon |   5378 |   4715 |    663 |      0 |   3673 |   6 |  896.3 |
        Temple |     96 |     90 |      6 |      0 |     82 |   1 |   96.0 |
         Sewer |    645 |    645 |      0 |      0 |    266 |   1 |  645.0 |
               +--------+--------+--------+--------+--------+-----+--------+

Top non-repeatable levels by time:
     D:5: 1236 daAuts
     D:4: 1190 daAuts
     D:3: 1087 daAuts
   Sewer: 645 daAuts
     D:1: 633 daAuts
     D:2: 632 daAuts
     D:6: 598 daAuts
  Temple: 96 daAuts
